 Dungeon Crawl Stone Soup version 0.28-a0-1087-gf3fc490d9d (webtiles) character file.

Game seed: 5005233313017658868

181382 oldmanjim the Severer (level 18, -7/166 HPs)
             Began as a Hill Orc Fighter on Nov 26, 2021.
             Was the Champion of Beogh.
             Mangled by Arachne (9 damage)
             ... on level 3 of the Spider Nest on Dec 11, 2021.
             The game lasted 04:43:55 (40755 turns).

oldmanjim the Severer (Hill Orc Fighter)           Turns: 40755, Time: 04:43:57

Health: -7/166     AC: 30    Str: 29 (31) XL:     18   Next: 30%
Magic:  40/40      EV: 10    Int:  8      God:    Beogh [******]
Gold:   2749       SH: 13    Dex: 11      Spells: 17/17 levels left

rFire   x . .      SeeInvis .   a - +6 broad axe
rCold   + + .      Faith    +   G - +2 kite shield {AC+3}
rNeg    . . .      Spirit   .   h - +1 ice dragon scales
rPois   +          Reflect  .   n - +0 helmet
rElec   .          Harm     .   Q - +0 cloak of Foot {rPois rF- MP+9 Str+6}
rCorr   .          Rampage  .   s - +0 pair of gloves
Will    ++...                   z - +0 pair of boots
Stlth   ..........              O - amulet of faith
HPRegen 0.37/turn               J - ring of Roleb {rF+ AC+4}
MPRegen 0.27/turn               B - ring of willpower

@: lethally poisoned (-7 -> -18), invisible (expiring)
A: walk on water
a: Renounce Religion, Smiting, Recall Orcish Followers, Give Item to Named
Follower, Resurrection


You were on level 3 of the Spider Nest.
You worshipped Beogh.
Beogh was exalted by your worship.
You visited 5 branches of the dungeon, and saw 27 of its levels.
You also visited: Sewer and Ice Cave.

You collected 3380 gold pieces.
You spent 631 gold pieces at shops.

Inventory:

Hand Weapons
 a - a +6 broad axe (weapon)
 b - a +2 hunting sling of freezing
 f - a +0 halberd
Missiles
 d - 7 javelins
 q - 134 sling bullets
 C - a throwing net
 F - 17 boomerangs (quivered)
 T - 3 curare-tipped darts
Armour
 h - +1 ice dragon scales (worn)
 n - a +0 helmet (worn)
 s - a +0 pair of gloves (worn)
 z - a +0 pair of boots (worn)
 G - a +2 kite shield of protection (worn)
 Q - the +0 cloak of Foot (worn) {rPois rF- MP+9 Str+6}
   (You found it on level 9 of the Dungeon)

   Str:       It affects your strength (+6).
   rF:        It makes you vulnerable to fire.
   rPois:     It protects you from poison.
   MP:        It affects your magic capacity (+9).
Jewellery
 i - a +4 ring of protection
 m - a ring of positive energy
 B - a ring of willpower (right hand)
 J - the ring of Roleb (left hand) {rF+ AC+4}
   (You bought it in a shop on level 2 of the Orcish Mines)

   [ring of protection]

   AC:        It affects your AC (+4).
   rF:        It protects you from fire.
 O - an amulet of faith (around neck)
Wands
 p - a wand of digging (9)
 y - a wand of iceblast (30)
 D - a wand of acid (21)
 N - a wand of paralysis (17)
 R - a wand of flame (15)
 V - a wand of charming (16)
Scrolls
 c - 2 scrolls of fog
 g - 4 scrolls of identify
 l - 5 scrolls of blinking
 o - 10 scrolls of teleportation
 r - 5 scrolls of enchant armour
 A - 2 scrolls of immolation
 I - 2 scrolls of holy word
 K - 2 scrolls of fear
 L - a scroll of summoning
 P - a scroll of torment
 X - 3 scrolls of silence
Potions
 t - 3 potions of brilliance
 u - 2 potions of resistance
 v - a potion of berserk rage
 w - 6 potions of ambrosia
 x - 2 potions of mutation
 H - 6 potions of might
 M - a potion of cancellation
 S - a potion of magic
 U - 9 potions of curing
 Y - 3 potions of haste
 Z - 6 potions of lignification
Miscellaneous
 e - a phantom mirror
 W - a condenser vane (inert)


   Skills:
 - Level 16.0 Fighting
 - Level 18.0 Axes
 - Level 15.3 Armour
 - Level 0.7 Dodging
 - Level 0.1 Stealth
 + Level 12.3 Shields
 - Level 18.0 Invocations
 - Level 8.0 Evocations


You had 17 spell levels left.
You didn't know any spells.
Your spell library contained the following spells:

 Spells                   Type           Power      Damage    Failure   Level
 Animate Skeleton         Necr           0%         N/A       75%         1
 Apportation              Tloc           0%         N/A       75%         1
 Foxfire                  Conj/Fire      0%         2x1d4     75%         1
 Magic Dart               Conj           0%         1d3       75%         1
 Pain                     Necr           0%         1d4       75%         1
 Static Discharge         Conj/Air       0%         N/A       87%         2
 Conjure Flame            Conj/Fire      0%         6-21      98%         3
 Inner Flame              Hex/Fire       0%         N/A       98%         3
 Vampiric Draining        Necr           0%         2d6       98%         3
 Airstrike                Air            0%         N/A       100%        4
 Animate Dead             Necr           0%         N/A       100%        4
 Dispel Undead            Necr           0%         3d6       100%        4
 Flame Wave               Conj/Fire      0%         2d4       100%        4
 Hailstorm                Conj/Ice       0%         3d3       100%        4
 Ice Form                 Ice/Tmut       0%         N/A       100%        4
 Sticky Flame             Conj/Fire      0%         2d3       100%        4
 Alistair's Intoxication  Tmut/Pois      0%         N/A       100%        5
 Borgnjor's Vile Clutch   Necr/Erth      0%         N/A       100%        5
 Fireball                 Conj/Fire      0%         3d3       100%        5
 Iskenderun's Battlesphe  Conj           0%         2d6       100%        5
 Summon Forest            Summ/Tloc      0%         N/A       100%        5
 Death Channel            Necr           0%         N/A       100%        6
 Eringya's Noxious Bog    Tmut/Pois      0%         N/A       100%        6
 Iron Shot                Conj/Erth      0%         9d1       100%        6
 Simulacrum               Ice/Necr       0%         N/A       100%        6
 Starburst                Conj/Fire      0%         6d3       100%        6
 Haunt                    Necr/Summ      0%         N/A       100%        7
 Spellforged Servitor     Conj/Summ      0%         N/A       100%        7
 Summon Hydra             Summ           0%         N/A       100%        7
 Ignition                 Fire           0%         3d3       100%        8
 Maxwell's Capacitive Co  Air            0%         ∞         100%        8
 Chain Lightning          Conj/Air       0%         N/A       100%        9
 Polar Vortex             Ice            0%         N/A       100%        9


Dungeon Overview and Level Annotations

Branches:
Dungeon (15/15)            Temple (1/1) D:6            Lair (6/6) D:9
 Shoals (0/4) Lair:4       Spider (3/4) Lair:2        Slime (0/5) Lair:6
    Orc (2/2) D:12            Elf (0/3) Orc:2        Vaults (0/5) D:14
 Depths (0/4) D:15          Sewer (visited)           IceCv (visited)

Altars:
Ashenzari
Cheibriados
Dithmenos
Elyvilon
Fedhas
Gozag
Hepliaklqana
Kikubaaqudgha
Makhleb
Nemelex Xobeh
Okawaru
Qazlal
Ru
Sif Muna
Trog
Uskayaw
Vehumet
Wu Jian
Xom
Yredelemnul
Zin
The Shining One
Beogh
Jiyva
Lugonu

Shops:
D:9 (   D:11 *   Orc:2 =*([

Portals:
Abyss: Lair:6

Annotations:
D:5 1 runed translucent door, exclusion: door, Crazy Yiuf
Lair:5 2 transporters, Gaergho's ghost, journeyman DrAK
Spider:3 Arachne


Message History

A bolt of poison appears from out of your range of vision.
The bolt of poison hits your orc warrior!!!
Your orc warrior dies!
Unknown command.
You swap places.
Arachne casts a spell.
Arachne blinks!
Bladwarg no longer looks unusually strong.
Items here: (( ))) [ †.
You flicker for a moment.
Your orc wizard no longer looks unusually strong.
Arachne casts a spell at you. The poison arrow hits you!
You are poisoned.
You partially resist.
* * * LOW HITPOINT WARNING * * *
Arachne stares at you and mumbles some strange words.
The poison arrow hits you!!
You are more poisoned.
You partially resist.
* * * LOW HITPOINT WARNING * * *
* * * LOW HITPOINT WARNING * * *
You feel very sick.
Arachne's staff shoots out a stream of webbing.
You block the stream of webbing.
Items here: ( )) [.
* * * LOW HITPOINT WARNING * * *
You feel very sick.
Arachne hits you with a staff of poison.
* * * LOW HITPOINT WARNING * * *
Arachne envenoms you.
* * * LOW HITPOINT WARNING * * *
Items here: ( )))) [[ †.
You closely miss Arachne.
Arachne is heavily wounded.
* * * LOW HITPOINT WARNING * * *
You feel sick.
Arbolt no longer looks unusually strong.
Arachne hits you but does no damage. Arachne envenoms you!
You die...

##.................
#................).
##.................
#..>...............
##..................
##...................
#....................
##.oH................
#o.o@o...............
#.ooo)...............
#..#.............(...
#.##.................
#####.^......?.......
#..........##....
###.......## ^..
#.^...^.## ..
######### .


You could see Arachne (ally target), the friendly Bladwarg the orc warlord, 2
friendly orc knights, the friendly Thorok the orc knight, the friendly Ugbert
the orc knight, the friendly Arbolt the orc priest and a friendly orc wizard.

Vanquished Creatures
  The ghost of enile the Blocker, an adept DjWz of Qazlal (Orc:2)
  An emperor scorpion (Spider:1)
  A stone giant (D:15)
  Azrael (Orc:2)
  An entropy weaver (Spider:2)
  4 hydras
  A vault guard (D:14)
  An ice dragon (IceCv)
  3 centaur warriors
  A two-headed ogre (shapeshifter) (D:13)
  A catoblepas (Lair:5)
  6 two-headed ogres
  5 death yaks
  A tengu warrior (D:15)
  A thrashing horror (Lair:6)
  An orc high priest (Orc:2)
  Urug (Orc:2)
  A deep elf pyromancer (D:13)
  8 orb spiders
  2 ugly things
  7 wolf spiders
  3 manticores
  6 cyclopes
  An orc sorcerer (Orc:2)
  2 large abominations (Lair:6)
  19 elephants
  Joseph (D:8)
  2 smoke demons (Lair:6)
  A cane toad (shapeshifter) (D:14)
  3 ice statues
  3 black mambas
  2 torpor snails
  4 cane toads
  2 efreet
  2 komodo dragons
  An unseen horror (D:9)
  10 rime drakes
  A yaktaur (D:13)
  An ancient zyme (Lair:6)
  2 demonic crawlers
  5 polar bears
  10 jumping spiders
  A merfolk (Lair:4)
  5 trolls
  2 queen bees
  2 hornets
  A polar bear (shapeshifter) (Lair:6)
  12 blink frogs
  6 dream sheep
  2 slime creatures (D:13)
  A shadow (D:11)
  15 redbacks
  2 wraiths
  35 yaks
  2 fire elementals (Orc:2)
  2 vampires
  7 tarantellas
  4 wyverns
  2 steam dragons
  3 basilisks
  A chaos spawn (Lair:6)
  4 vampire mosquitoes
  A warg (Orc:1)
  3 acid dragons
  A water moccasin (shapeshifter) (Lair:6)
  Duvessa (D:5)
  12 water moccasins
  A hell hound (Orc:2)
  7 ice beasts
  A sky beast (D:4)
  7 orc warriors
  A black bear (Lair:2)
  4 ogres
  A necrophage (D:5)
  18 wolves
  4 centaurs
  2 phantoms
  2 kobold brigands
  Blork the orc (D:6)
  11 bullfrogs
  A gnoll sergeant (D:6)
  A water moccasin zombie (D:6)
  A wyvern skeleton (D:7)
  9 small abominations (Lair:6)
  Dowan (D:5)
  46 killer bees
  4 lindwurm simulacra (IceCv)
  An electric eel (Spider:1)
  3 wights (D:7)
  2 howler monkeys
  3 centaur zombies
  5 hounds
  3 jellies
  5 komodo dragon simulacra (IceCv)
  2 centaur skeletons
  3 gnoll shamans
  8 orc priests
  4 iguanas (D:5)
  13 orc wizards
  A merfolk avatar (Sewer)
  2 merfolk sirens
  A hound skeleton (D:5)
  3 howler monkey zombies
  Robin (D:3)
  17 gnolls
  3 acid dragon simulacra (IceCv)
  10 adders
  8 river rats
  A white imp (D:3)
  9 steam dragon simulacra (IceCv)
  An ufetubus (D:5)
  An adder skeleton (D:4)
  6 dart slugs
  20 orcs
  10 ball pythons
  6 bats
  8 endoplasms
  5 giant cockroaches
  17 goblins
  7 hobgoblins
  7 quokkas
  5 frilled lizards
  16 kobolds
  26 rats
623 creatures vanquished.

Vanquished Creatures (collateral kills)
  Rupert (D:13)
  A ghost moth (Spider:1)
  2 emperor scorpions (Spider:2)
  An orc warlord (Orc:2)
  2 slime creatures (D:13)
  2 entropy weavers
  An ogre mage (D:13)
  8 boulder beetles
  2 hydras
  A rakshasa (D:14)
  A catoblepas (Lair:4)
  2 centaur warriors (D:13)
  A death knight (D:13)
  A death yak (Lair:5)
  A tengu warrior (D:15)
  A thrashing horror (Lair:6)
  A two-headed ogre (D:13)
  An orc high priest (Orc:2)
  2 deep elf pyromancers (D:13)
  6 orc knights
  2 orb spiders
  3 cyclopes
  2 ugly things (Lair:6)
  7 wolf spiders
  An orc sorcerer (Orc:2)
  3 elephants
  A moth of wrath (Spider:3)
  A centaur zombie (D:11)
  2 black mambas
  A merfolk siren (Lair:4)
  A cane toad (shapeshifter) (Lair:6)
  A rime drake (Lair:1)
  5 cane toads
  A komodo dragon (shapeshifter) (D:13)
  An efreet (D:13)
  3 komodo dragons
  2 tengu conjurers (D:14)
  An ice devil (Lair:5)
  4 demonic crawlers
  3 polar bears
  A merfolk (Lair:4)
  11 jumping spiders
  A hornet (Spider:1)
  2 blink frogs (Lair:6)
  A large abomination (Lair:6)
  2 dream sheep (Lair:4)
  25 redbacks
  14 tarantellas
  3 wyverns (Lair:4)
  8 yaks
  3 fire elementals (Orc:2)
  5 basilisks
  A warg (Orc:2)
  4 water moccasins
  2 hell hounds (Orc:2)
  2 ice beasts (Lair:5)
  6 orc warriors
  A wolf (shapeshifter) (D:13)
  2 ogres (D:12)
  7 wolves (Lair:6)
  A bullfrog (Lair:4)
  4 killer bees (Lair:2)
  A small abomination (Lair:6)
  An electric eel (Lair:5)
  2 jellies (D:13)
  3 orc priests
  3 orc wizards (Orc:2)
  A gnoll (Orc:2)
  6 orcs
  A butterfly (Lair:1)
207 creatures vanquished.

Vanquished Creatures (others)
  An orc warlord (Spider:3)
  4 orc sorcerers
  3 orc knights
  14 orc warriors
  8 orc priests
  3 orc wizards
  20 orcs
  An adder (D:6)
  17 fungi
  47 plants
118 creatures vanquished.

Grand Total: 948 creatures vanquished

Notes
Turn   | Place    | Note
-------+----------+-------------------------------------------
     0 | D:1      | oldmanjim the Hill Orc Fighter began the quest for the Orb.
     0 | D:1      | Reached XP level 1. HP: 19/19 MP: 1/1
    94 | D:1      | Reached XP level 2. HP: 24/27 MP: 2/2
   344 | D:1      | Found a faded altar of an unknown god.
   368 | D:1      | Reached XP level 3. HP: 33/33 MP: 3/3
   879 | D:2      | Found a shimmering altar of Xom.
  1695 | D:3      | Reached XP level 4. HP: 37/40 MP: 4/4
  1704 | D:3      | Noticed Robin
  1714 | D:3      | Killed Robin
  1801 | D:3      | Found a glowing drain.
  1812 | D:3      | Reached skill level 5 in Axes
  1820 | D:3      | Reached XP level 5. HP: 22/46 MP: 5/5
  1878 | Sewer    | Entered a sewer
  2613 | Sewer    | Noticed a malarious merfolk avatar
  2634 | Sewer    | Reached XP level 6. HP: 19/52 MP: 6/6
  3790 | D:4      | Noticed a sky beast
  3826 | D:4      | Killed a sky beast
  3827 | D:4      | Reached XP level 7. HP: 59/59 MP: 7/7
  4560 | D:5      | Entered Level 5 of the Dungeon
  4691 | D:5      | Identified the +2 scale mail of the Hanged Man {Fly}
  4701 | D:5      | Reached skill level 5 in Armour
  5493 | D:5      | Noticed Dowan
  5501 | D:5      | Noticed Duvessa
  5502 | D:5      | Killed Dowan
  5503 | D:5      | Reached skill level 5 in Fighting
  5803 | D:5      | Found a runed translucent door.
  5804 | D:5      | Noticed Crazy Yiuf
  6007 | D:5      | Reached XP level 8. HP: 68/68 MP: 8/8
  6115 | D:5      | Reached skill level 10 in Axes
  6400 | D:5      | Found a burning altar of Makhleb.
  6521 | D:5      | Killed Duvessa
  7212 | D:6      | Found a staircase to the Ecumenical Temple.
  7213 | D:6      | Became a worshipper of Beogh the Brigand
  7682 | D:6      | Noticed Blork the orc
  7697 | D:6      | Killed Blork the orc
  7949 | Temple   | Entered the Ecumenical Temple
  8361 | D:7      | Reached XP level 9. HP: 75/75 MP: 9/9
  8396 | D:7      | Reached skill level 1 in Invocations
  9467 | D:8      | Reached * piety under Beogh
  9528 | D:8      | Found a shimmering blue altar of Sif Muna.
  9975 | D:8      | Noticed a hornet
  9982 | D:8      | Killed a hornet
  9983 | D:8      | Reached skill level 5 in Invocations
  9989 | D:8      | Noticed Joseph
 10001 | D:8      | Reached skill level 1 in Evocations
 10140 | D:8      | Killed Joseph
 10336 | D:8      | Got the Collected Works on Feathers and Black Rites
 10413 | D:8      | Reached XP level 10. HP: 55/84 MP: 13/13
 11363 | D:9      | Reached ** piety under Beogh
 11395 | D:9      | Noticed a two-headed ogre
 11413 | D:9      | Identified the +0 cloak of Foot {rPois rF- MP+9 Str+6}
 11430 | D:9      | Killed a two-headed ogre
 11433 | D:9      | Reached skill level 15 in Axes
 11593 | D:9      | Found a staircase to the Lair.
 12271 | D:9      | Reached XP level 11. HP: 62/94 MP: 16/16
 12509 | D:9      | Found Daneeq's Weapon Shoppe.
 12514 | D:9      | Bought 20 bolts for 56 gold pieces
 12514 | D:9      | Bought 9 bolts for 25 gold pieces
 12810 | D:10     | Entered Level 10 of the Dungeon
 12976 | D:9      | Reached *** piety under Beogh
 14027 | D:10     | Found a shimmering altar of Xom.
 14213 | Lair:1   | Entered Level 1 of the Lair of Beasts
 15918 | Lair:2   | Reached XP level 12. HP: 88/104 MP: 18/18
 16132 | Lair:2   | Reached **** piety under Beogh
 16222 | Lair:2   | Reached skill level 5 in Shields
 16523 | Lair:2   | Gained Bogdan as an ally
 16527 | Lair:2   | Reached skill level 10 in Invocations
 16538 | Lair:2   | Reached skill level 10 in Fighting
 16538 | Lair:2   | Reached skill level 5 in Evocations
 16569 | Lair:2   | Noticed a death yak
 16582 | Lair:2   | Killed a death yak
 16682 | Lair:2   | You fall into a shaft and drop 2 floors!
 16702 | Lair:4   | Noticed a catoblepas
 16716 | Lair:4   | Killed a catoblepas
 16907 | Lair:4   | Noticed a four-headed hydra
 16910 | Lair:4   | Killed a four-headed hydra
 17016 | Lair:4   | Found a staircase to the Shoals.
 17027 | Lair:4   | Reached skill level 10 in Armour
 17175 | Lair:4   | Reached XP level 13. HP: 100/116 MP: 21/21
 17534 | Lair:4   | Reached ***** piety under Beogh
 19206 | Lair:2   | Found a hole to the Spider Nest.
 21014 | Lair:5   | Reached XP level 14. HP: 126/127 MP: 24/24
 21528 | Lair:5   | Found a transporter.
 21532 | Lair:5   | Noticed Gaergho's ghost (journeyman DrAK)
 22025 | Lair:5   | Identified a scroll of acquirement
 22054 | Lair:5   | Found a transporter.
 22282 | Lair:5   | Acquired 1094 gold pieces
 22318 | Lair:6   | Entered Level 6 of the Lair of Beasts
 23105 | D:11     | Found Piruopewk's General Store.
 23289 | D:12     | Reached skill level 15 in Invocations
 23491 | D:12     | Found a staircase to the Orcish Mines.
 23577 | Orc:1    | Entered Level 1 of the Orcish Mines
 25006 | Lair:6   | Reached ****** piety under Beogh
 25215 | Lair:6   | Gained Ugbert as an ally
 25648 | Lair:6   | Gained Bladwarg as an ally
 25662 | Lair:6   | Found a corrupted altar of Lugonu.
 25662 | Lair:6   | Found a one-way gate to the infinite horrors of the Abyss.
 25757 | Lair:6   | Found a staircase to the Slime Pits.
 25757 | Lair:6   | Found a viscous altar of Jiyva.
 27388 | D:13     | You fall into a shaft and drop 2 floors!
 27388 | D:15     | Entered Level 15 of the Dungeon
 27478 | D:13     | Noticed Rupert
 27487 | D:13     | Killed Rupert
 27885 | D:13     | Found a viscous altar of Jiyva.
 27934 | D:13     | You fall into a shaft and drop 2 floors!
 28186 | D:13     | Gained Thorok as an ally
 28229 | D:13     | Reached XP level 15. HP: 138/138 MP: 26/26
 30753 | D:14     | Reached XP level 16. HP: 147/147 MP: 28/28
 30915 | D:14     | Found a gate to the Vaults.
 32053 | D:15     | Found a staircase to the Depths.
 32230 | D:15     | Upgraded the game from 0.28-a0-925-gd5e1996cdb to
                  | 0.28-a0-932-g843f935a50
 32313 | D:12     | Gained Arbolt as an ally
 32818 | Orc:2    | Entered Level 2 of the Orcish Mines
 32832 | Orc:2    | Reached skill level 15 in Fighting
 32871 | Orc:2    | Found a runed translucent door.
 32871 | Orc:2    | Noticed enile's ghost (adept DjWz)
 32896 | Orc:2    | Found a staircase to the Elven Halls.
 33095 | Orc:2    | Noticed Urug
 33103 | Orc:2    | Reached skill level 15 in Armour
 33108 | Orc:2    | Killed Urug
 33130 | Orc:2    | Found a roughly hewn altar of Beogh.
 33134 | Orc:2    | Found Heurph's Antique Armour Shop.
 33155 | Orc:2    | Found Ihyusm's Antique Weapon Shop.
 33174 | Orc:2    | Found a frozen archway.
 33342 | IceCv    | Entered an ice cave
 34916 | Orc:2    | Found Jegutyox's General Store.
 35116 | Orc:2    | Noticed Azrael
 35128 | Orc:2    | Killed Azrael
 35570 | Orc:2    | Found Kuijabik's Jewellery Shop.
 35692 | Orc:1    | Found a roughly hewn altar of Beogh.
 35938 | Orc:2    | Killed enile's ghost
 35938 | Orc:2    | Gained Ugbert as an ally
 36017 | Orc:2    | Bought the ring of Roleb {rF+ AC+4} for 550 gold pieces
 36018 | Orc:2    | Upgraded the game from 0.28-a0-932-g843f935a50 to
                  | 0.28-a0-1087-gf3fc490d9d
 36236 | Spider:1 | Entered Level 1 of the Spider Nest
 38395 | Spider:2 | Reached XP level 17. HP: 131/158 MP: 29/29
 39395 | Spider:2 | Reached XP level 18. HP: 166/166 MP: 30/30
 39432 | Spider:2 | Got Boomacis's Reference Book on Congealing Attacks
 39870 | Spider:3 | Noticed Arachne
 40435 | Spider:2 | Gained Okrist as an ally
 40712 | Spider:3 | HP: 5/166 [wolf spider (14)]
 40716 | Spider:3 | HP: 2/166 [wolf spider (3)]
 40745 | Spider:3 | Your ally Bogdan died
 40746 | Spider:3 | Your ally Okrist died
 40748 | Spider:3 | Your ally Ugbert died
 40754 | Spider:3 | HP: 5/166 [Arachne (5)]
 40755 | Spider:3 | HP: 2/166 [poisoned by Arachne (poison arrow)]
 40755 | Spider:3 | Mangled by Arachne

Illustrated notes

Levels and vault maps discovered:
D:1:      minmay_arrival_solitary_statue, layout_basic,
          shapermc_ecumenical_altar_venn
D:2:      layout_basic, basic_altar, serial_curves, eino_curves_02,
          eino_curves_01
D:3:      layout_rooms, gup_sewer_entry_bubbles, hangedman_decor_diamond_cutter,
          uniq_robin
D:4:      layout_basic
D:5:      layout_basic, lemuel_crystal_altar, uniq_duvessa,
          uniq_crazy_yiuf_cottage
D:6:      layout_cave_pods, minmay_temple_entry_proselytizer,
          nicolae_elevator_lobby_asterisk, uniq_blork_the_orc
D:7:      layout_loops_cross
D:8:      layout_loops_corners, nicolae_sif_muna_condensation, uniq_joseph
D:9:      layout_gridville, lair_entry_dummy, serial_shops,
          nicolae_shop_hallway_stairs, special_room [special_room_bee],
          enter_bailey_3, grunt_ministairs_4
D:10:     layout_basic, overflow_temple_1_default, nicolae_zen_rock_garden
D:11:     layout_big_octagon, serial_shops, kennysheep_mini_moat
D:12:     layout_basic, orc_0_dummy, hangedman_decor_peaks_small
D:13:     minmay_swirls_squares, layout_layer_cave, jiyva_altar_1, uniq_rupert
D:14:     layout_stronghold, david_vaults_5, minmay_misc_feat_tower,
          st_stairs_13
D:15:     grunt_enter_depths_snipers, layout_long_grid, minmay_misc_feat_rows
Temple:   mainiacjoe_temple_bowtie_tessellation
Lair:1:   layout_regular_city, cheibrodos_lair_lostbears, lemuel_fruit_fields,
          grunt_megastairs_3, infiniplex_staircase_pool_2
Lair:2:   regret_index_tunnel_blossom, layout_layer_cave,
          nicolae_spider_entry_orb_guardian, serial_bayou_shore_a
Lair:3:   layout_loops_ring
Lair:4:   layout_misc_corridors, elwin_shoals_entry_stream
Lair:5:   layout_regular_city, gammafunk_ghost_arena, ice2_lemuel,
          infiniplex_staircase_pool
Lair:6:   hellmonk_lair_end_abyssal_woods, layout_layer_cave, slime_altar_1,
          st_stairs_7
Spider:1: layout_spider_delve, hive_lemuel
Spider:2: nicolae_spider_hilbert_zone_5 [nicolae_spider_hilbert_3_sides_1_open,
          nicolae_spider_hilbert_4_sides_1_open,
          nicolae_spider_hilbert_4_sides_1_open,
          nicolae_spider_hilbert_6_sides_1_open,
          nicolae_spider_hilbert_6_sides_1_open], nicolae_spider_webs_and_nodes
Spider:3: layout_spider_delve, nicolae_spider_bzzzt, uniq_arachne
Orc:1:    layout_caves, basic_altar
Orc:2:    grunt_orc_cross, layout_caves, portal_ice_cave_rime,
          hellmonk_ghost_happy_afterlife, uniq_azrael, uniq_urug

Skill      XL: |  1  2  3  4  5  6  7  8  9 10 11 12 13 14 15 16 17 18 |
---------------+-------------------------------------------------------+-----
Fighting       | 4 5 6 8 9 11 12 14 16 | 16.0
Axes           | 3 4 5 6 8 9 11 13 15 18 | 18.0
Armour         | 4 5 6 7 8 10 12 13 14 15 | 15.3
Shields        | 4 5 7 8 11 12 | 12.3
Invocations    | 5 7 9 11 14 15 16 17 18 | 18.0
Evocations     | 2 3 5 8 |  8.0
Dodging        | |  0.7
Stealth        | |  0.1

Action                   |  1- 3 |  4- 6 |  7- 9 | 10-12 | 13-15 | 16-18 || total
-------------------------+-------+-------+-------+-------+-------+-------++-------
Melee: War axe           |   123 |   263 |   220 |       |       |       ||   606
       Broad axe         |       |       |   257 |   542 |   555 |   324 ||  1678
 Fire: Hunting sling     |       |       |       |    62 |   224 |    22 ||   308
Throw: Stone             |       |     3 |    21 |       |       |       ||    24
       Dart              |       |     1 |       |       |       |       ||     1
       Boomerang         |       |       |    19 |       |     2 |       ||    21
Invok: Convert to Beogh  |       |       |     1 |       |       |       ||     1
       Recall Orcish Fol |       |       |       |     1 |     6 |     8 ||    15
       Stop Recall       |       |       |       |       |     3 |     3 ||     6
       Smiting           |       |       |       |       |     4 |     4 ||     8
       Give Item to Name |       |       |       |       |     2 |       ||     2
Evoke: Wand              |       |       |     2 |       |       |       ||     2
       Condenser vane    |       |       |       |       |       |     1 ||     1
  Use: Potion            |       |     1 |       |     2 |     1 |    11 ||    15
       Scroll            |       |       |     7 |    10 |    18 |     4 ||    39
 Stab: Paralysed         |       |       |     2 |       |     1 |     1 ||     4
       Distracted        |       |       |       |     2 |     3 |     5 ||    10
Armor: Chain mail        |    12 |       |       |       |       |       ||    12
       Ice dragon scales |    51 |   132 |   217 |   258 |   299 |   472 ||  1429
Dodge: Dodged            |    45 |    97 |   172 |   278 |   224 |   204 ||  1020
Block: Buckler           |    26 |    40 |    93 |   104 |   111 |    32 ||   406
       Kite shield       |       |       |       |       |       |   218 ||   218

Table legend: (Time is in decaauts)
 A = Elapsed time spent in this place.
 B = Non-inter-level travel time spent in this place.
 C = Inter-level travel time spent in this place.
 D = Time resting spent in this place.
 E = Time spent auto-exploring this place.
 F = Levels seen in this place.
 G = Mean time per level.
                   A        B        C        D        E       F      G
               +--------+--------+--------+--------+--------+-----+--------+
         Total |  40615 |  38526 |   2089 |  11168 |  19307 |  29 | 1400.5 |
       Dungeon |  21059 |  19826 |   1233 |   4811 |  11339 |  15 | 1403.9 |
        Temple |    229 |    199 |     30 |      0 |    188 |   1 |  229.0 |
          Lair |  10047 |   9592 |    455 |   2792 |   4856 |   6 | 1674.5 |
   Spider Nest |   4509 |   4361 |    148 |   2013 |   1303 |   3 | 1503.0 |
  Orcish Mines |   2234 |   2012 |    222 |    258 |    975 |   2 | 1117.0 |
         Sewer |   1338 |   1338 |      0 |    556 |    382 |   1 | 1338.0 |
      Ice Cave |   1196 |   1196 |      0 |    738 |    264 |   1 | 1196.0 |
               +--------+--------+--------+--------+--------+-----+--------+

Top non-repeatable levels by time:
    D:13: 3034 daAuts
Spider:1: 2527 daAuts
  Lair:6: 2515 daAuts
     D:9: 2432 daAuts
  Lair:2: 2059 daAuts
Spider:2: 1901 daAuts
     D:5: 1860 daAuts
   Orc:2: 1802 daAuts
  Lair:5: 1655 daAuts
     D:8: 1548 daAuts
     D:4: 1502 daAuts
    D:10: 1489 daAuts
  Lair:3: 1368 daAuts
   Sewer: 1338 daAuts
  Lair:1: 1308 daAuts
